 Dungeon Crawl Stone Soup version 0.23.2-1-ga50397a6bc (webtiles) character file.

Game seed: 15645332116681498450

1040 Nautrax the Poker (level 8, -1/70 HPs)
             Began as a Pale Draconian Berserker on May 26, 2019.
             Was an Elder of Trog.
             Slain by a hound (3 damage)
             ... on level 5 of the Dungeon.
             The game lasted 00:52:00 (5651 turns).

Nautrax the Poker (Pale Draconian Berserker)        Turns: 5651, Time: 00:52:01

Health: -1/70      AC:  6    Str: 20      XL:     8   Next: 4%
Magic:  8/8        EV: 14    Int:  7      God:    Trog [****..]
Gold:   201        SH:  4    Dex: 12 (13) Spells: 7/7 levels left

rFire    . . .     SeeInvis .   a - +1 spear
rCold    . . .     Gourm    .   n - +0 buckler
rNeg     . . .     Faith    .   (armour unavailable)
rPois    .         Spirit   .   (helmet restricted)
rElec    .         Reflect  .   (no cloak)
rCorr    .         Harm     .   (no gloves)
MR       .....                  (no boots)
Stlth    +.........             k - amulet of regeneration
HPRegen  0.61/turn              (no ring)
MPRegen  0.11/turn              (no ring)

@: lethally poisoned (-1 -> -5), berserk cooldown, slowed, very slow
A: breathe steam, unfitting armour, cold-blooded, AC +6
a: Breathe Steam, Berserk, Trog's Hand, Brothers in Arms, Renounce Religion


You were on level 5 of the Dungeon.
You worshipped Trog.
Trog was greatly pleased with you.
You were not hungry.

You visited 1 branch of the dungeon, and saw 6 of its levels.

You collected 201 gold pieces.

Inventory:

Hand Weapons
 a - a +1 spear (weapon)
 o - a +2 whip of freezing
Armour
 j - a +0 leather armour
 n - a +0 buckler (worn)
 r - the -4 pair of boots of the Gusle {Dex+3}
   (You found it on level 4 of the Dungeon)

   It affects your dexterity (+3).
 v - a +0 helmet
Jewellery
 k - an amulet of regeneration (around neck)
 l - an uncursed ring of ice
Wands
 c - a wand of polymorph (8)
 p - a wand of enslavement (9)
Scrolls
 e - a scroll of teleportation
 q - a scroll of magic mapping
 t - a scroll of enchant weapon
 x - a scroll of identify
 y - a scroll of remove curse
Potions
 d - a potion of ambrosia {unknown}
 f - a potion of resistance {unknown}
 g - 2 potions of agility {unknown}
 h - a potion of degeneration {unknown}
 i - 4 potions of curing
 m - a potion of flight {unknown}
 s - a potion of haste {unknown}
 u - a potion of heal wounds {unknown}
Comestibles
 b - 4 rations


   Skills:
 + Level 5.7 Fighting
 + Level 6.1 Polearms
 + Level 5.3 Dodging
 - Level 0.8 Stealth
 + Level 3.4 Shields


You had 7 spell levels left.
You didn't know any spells.
Your spell library was empty.

Dungeon Overview and Level Annotations

Branches:
Dungeon (6/15)
 Temple: D:4-7

Altars:
Dithmenos
Elyvilon
Kikubaaqudgha
Makhleb
Sif Muna
Uskayaw
Zin
The Shining One

Annotations:
D:6 Dowan, Edmund, Grinder


Innate Abilities, Weirdness & Mutations

You can breathe blasts of scalding, opaque steam.
Your pale cyan-grey scales are hard. (AC +6)
You cannot fit into any form of body armour.
You are cold-blooded and may be slowed by cold attacks.


Message History

The bullfrog completely misses you. The killer bee completely misses you.
The hound bites you.
* * * LOW HITPOINT WARNING * * *
The killer bee barely misses you. The bullfrog misses you.
You block the killer bee's attack. The killer bee closely misses you.
The hound barely misses you.
Attack whom?
Press: ? - help, Dir - move target cursor, f/p - killer bee
Aim: a killer bee You hit the killer bee.
The killer bee is lightly wounded.
You feel sick. The killer bee closely misses you. The killer bee stings you.
* * * LOW HITPOINT WARNING * * *
The bullfrog hits you!
* * * LOW HITPOINT WARNING * * *
The killer bee barely misses you. The hound closely misses you.
You block the killer bee's attack. The bullfrog closely misses you.
The hound stops to sniff the ground.
The hound bites you.
You die...

........# #.# .....##.# #.#
####.##.# #.# # #.##.#
#############.## # #....#
#..............# # ######
#..............# ############
#..............#
...........#######..............#
...............y@######'#########
#..............hFy......#
#.#########.####.########
#.#########..###.#
#.#.......##((((.#
#.#.#####.##.###.### #.#.#
#..........# #.#.#
####.......########### #.#.#
#.................#


You could see a bullfrog, a hound and 2 killer bees.

Vanquished Creatures
  An ogre (D:5)
  A phantom (D:4)
  A centaur (D:5)
  A scorpion (D:5)
  A killer bee (D:6)
  2 howler monkeys (D:4)
  A bullfrog zombie (D:5)
  A crimson imp (D:5)
  A quasit (D:6)
  A hound (D:4)
  A bullfrog skeleton (D:5)
  2 iguanas (D:5)
  4 orc wizards
  3 worker ants
  A hound skeleton (D:5)
  A howler monkey zombie (D:5)
  9 adders
  An ooze (D:3)
  4 worms
  A dart slug (D:3)
  2 leopard geckos
  16 orcs
  9 bats
  5 giant cockroaches
  7 goblins
  7 hobgoblins
  10 jackals
  7 kobolds
  5 quokkas
  8 frilled lizards
  A jackal skeleton (D:4)
  10 rats
125 creatures vanquished.

Notes
Turn   | Place    | Note
-------+----------+-------------------------------------------
     0 | D:1      | Nautrax the Draconian Berserker began the quest for the
                  | Orb.
     0 | D:1      | Reached XP level 1. HP: 19/19 MP: 1/1
   260 | D:1      | Reached XP level 2. HP: 23/26 MP: 2/2
   738 | D:2      | Reached XP level 3. HP: 31/33 MP: 3/3
   766 | D:2      | Reached ** piety under Trog
   789 | D:2      | Found a hide-covered altar of Uskayaw.
   825 | D:2      | Found a glowing silver altar of Zin.
  1121 | D:2      | Reached XP level 4. HP: 34/40 MP: 4/4
  1161 | D:2      | Reached skill level 4 in Polearms
  1564 | D:2      | Found a deep blue altar of Sif Muna.
  1824 | D:3      | Reached XP level 5. HP: 33/46 MP: 5/5
  1913 | D:3      | Reached *** piety under Trog
  2651 | D:4      | Got a pair of translucent boots
  2659 | D:4      | Identified the cursed -4 pair of boots of the Gusle {Dex+3}
                  | (You found it on level 4 of the Dungeon)
  2698 | D:4      | Found a shadowy altar of Dithmenos.
  2784 | D:4      | Found an ancient bone altar of Kikubaaqudgha.
  3025 | D:4      | Reached XP level 6. HP: 43/52 MP: 6/6
  3043 | D:4      | Reached skill level 5 in Polearms
  3043 | D:4      | Reached skill level 1 in Shields
  3091 | D:4      | Reached **** piety under Trog
  3145 | D:4      | HP: 2/53 [something (2)]
  3151 | D:4      | HP: 2/53 [something (1)]
  3760 | D:4      | Your scales start taking on a pale cyan-grey colour.
  3760 | D:4      | Reached XP level 7. HP: 57/60 MP: 7/7
  3765 | D:4      | Found a glowing golden altar of the Shining One.
  4194 | D:4      | Found a burning altar of Makhleb.
  4519 | D:5      | Entered Level 5 of the Dungeon
  4586 | D:5      | Found a white marble altar of Elyvilon.
  4633 | D:5      | Reached skill level 5 in Fighting
  4931 | D:5      | Reached skill level 5 in Dodging
  5310 | D:5      | Reached skill level 6 in Polearms
  5583 | D:6      | Noticed Grinder
  5583 | D:6      | Noticed Dowan
  5584 | D:6      | Noticed Edmund
  5637 | D:6      | Reached XP level 8. HP: 69/70 MP: 8/8
  5651 | D:5      | HP: 2/70 [bullfrog (8)]
  5651 | D:5      | Slain by a hound

Skill      XL: |  1  2  3  4  5  6  7 |
---------------+----------------------+-----
Dodging        | 3 4 5 |  5.3
Polearms       | 4 5 6 |  6.1
Fighting       | 4 5 |  5.7
Shields        | 2 3 |  3.4
Stealth        | |  0.8

Action                   |  1- 3 |  4- 6 |  7- 9 || total
-------------------------+-------+-------+-------++-------
Melee: Spear             |   142 |   339 |   154 ||   635
       Tailslap          |    15 |    33 |    24 ||    72
Invok: Trog's Hand       |     1 |     2 |       ||     3
       Berserk           |       |     1 |     1 ||     2
  Use: Scroll            |       |    10 |     1 ||    11
 Stab: Sleeping          |     2 |       |     1 ||     3
  Eat: Chunk             |     1 |     8 |     1 ||    10
       Ration            |       |     1 |     2 ||     3
Armor: Skin              |    35 |    44 |    19 ||    98
Dodge: Dodged            |    90 |   167 |   117 ||   374
Block: Buckler           |       |    27 |    22 ||    49
